 Dungeon Crawl Stone Soup version 0.30-a0-802-gb92711bcdf (webtiles) character file.

Game seed: 15578962127672330834

429 retardedninja the Shield-Bearer (level 6, -1/53 HPs)
             Began as a Gnoll Fighter on Feb 24, 2023.
             Was an Initiate of Gozag.
             Splashed by a jelly's acid (3 damage)
             ... on level 4 of the Dungeon.
             The game lasted 00:03:45 (2621 turns).

retardedninja the Shield-Bearer (Gnoll Fighter)     Turns: 2621, Time: 00:03:46

Health: -1/53      AC:  2    Str: 20    XL:     6   Next: 98%
Magic:  9/9        EV: 10    Int:  9    God:    Gozag
Gold:   355        SH:  5    Dex: 13    Spells: 9/9 levels left

rFire   . . .      SeeInvis .    a - +0 flail
rCold   + . .      Faith    .    c - +0 buckler
rNeg    . . .      Spirit   .    b - +0 scale mail
rPois   .          Reflect  .    p - +0 helmet
rElec   .          Harm     .    (no cloak)
rCorr   .          Rampage  .    q - +0 pair of gloves
Will    .....                    (no boots)
Stlth   +                        (no amulet)
HPRegen 0.28/turn                (no ring)
MPRegen 0.11/turn                (no ring)

@: corroded, gold aura
A: fangs 1, strong nose, distributed training, talons 1, agile 1, clever 1, cold
resistance 1, strong 1
a: Renounce Religion, Potion Petition, Call Merchant, Bribe Branch


You were on level 4 of the Dungeon.
You worshipped Gozag.
Gozag was aware of your devotion.
You visited 1 branch of the dungeon, and saw 4 of its levels.

You collected 402 gold pieces.
You paid 47 gold pieces to Gozag.

Inventory:

Hand Weapons
 a - a +0 flail (weapon)
Armour
 b - a +0 scale mail (worn)
 c - a +0 buckler (worn)
 p - a +0 helmet (worn)
 q - a +0 pair of gloves (worn)
Jewellery
 d - a ring of wizardry
 j - a ring of fire
 r - a ring of see invisible
Scrolls
 f - 2 scrolls of immolation {unknown}
 g - 3 scrolls of teleportation {unknown}
 h - 2 scrolls of noise {unknown}
 k - a scroll of identify {unknown}
 l - 4 scrolls of vulnerability {unknown}
 m - 2 scrolls of enchant armour {unknown}
 n - a scroll of blinking {unknown}
 o - a scroll of torment {unknown}


   Skills:
 + Level 6.9 Fighting
 + Level 2.2 Short Blades
 + Level 2.2 Long Blades
 + Level 2.2 Axes
 + Level 5.1 Maces & Flails
 + Level 2.2 Polearms
 + Level 2.2 Staves
 + Level 2.2 Ranged Weapons
 + Level 2.2 Throwing
 + Level 6.9 Armour
 + Level 2.2 Dodging
 + Level 2.2 Stealth
 + Level 6.9 Shields
 + Level 2.2 Unarmed Combat
 + Level 2.2 Spellcasting
 + Level 1.8 Conjurations
 + Level 1.8 Hexes
 + Level 1.8 Summonings
 + Level 1.8 Necromancy
 + Level 1.8 Translocations
 + Level 1.8 Transmutations
 + Level 1.8 Fire Magic
 + Level 1.8 Ice Magic
 + Level 1.8 Air Magic
 + Level 1.8 Earth Magic
 + Level 1.8 Poison Magic
 + Level 2.5 Invocations
 + Level 2.2 Evocations


You had 9 spell levels left.
You didn't know any spells.
Your spell library contained the following spells:

 Spells                   Type           Power      Damage    Failure   Level
 Freeze                   Ice            16%        1d4       43%         1
 Shock                    Conj/Air       16%        1d4       43%         1
 Ensorcelled Hibernation  Hex/Ice        8%         N/A       58%         2
 Frozen Ramparts          Ice            8%         1d2       82%         3
 Hailstorm                Conj/Ice       4%         3d4       82%         3
 Ignite Poison            Fire/Tmut/Pois 4%         N/A       82%         3
 Kindle Blastsparks       Fire/Tloc/Air  8%         2d10      82%         3
 Spider Form              Tmut/Pois      4%         N/A       82%         3
 Swiftness                Air            4%         N/A       82%         3
 Airstrike                Air            2%         2d(1-17)  99%         4
 Anguish                  Hex/Necr       2%         N/A       99%         4
 Sticky Flame             Conj/Fire      4%         2d3       99%         4
 Freezing Cloud           Conj/Ice/Air   2%         6-21      100%        5
 Ignition                 Fire           2%         3d3       100%        8


Dungeon Overview and Level Annotations

Branches:
Dungeon (4/15)
 Temple: D:4-7

Altars:
Gozag
Wu Jian


Innate Abilities, Weirdness & Mutations

You have very sharp teeth.
Your uncanny sense of smell can sniff out nearby items.
Your experience applies equally to all skills.
You have sharp toenails.
You are agile. (Dex +4, Str/Int -1)
Your mind is acute. (Int +4, Str/Dex -1)
Your flesh is cold resistant. (rC+)
Your muscles are strong. (Str +4, Int/Dex -1)


Message History

The iguana is heavily wounded.
The jelly barely misses you. The iguana barely misses you.
You hit the iguana but do no damage. You claw the iguana.
The iguana is heavily wounded.
The jelly misses you. The iguana closely misses you.
You block the jelly's attack.
The iguana bites you but does no damage.
You hit the iguana but do no damage.
The iguana is heavily wounded.
The jelly hits you but does no damage. The iguana barely misses you.
You hit the iguana but do no damage. Your kick misses the iguana.
The iguana is heavily wounded.
The jelly hits you but does no damage.
The iguana bites you but does no damage.
You completely miss the iguana.
The iguana is heavily wounded.
The jelly closely misses you. The iguana bites you.
You hit the iguana but do no damage. You claw the iguana, but do no damage.
The iguana is heavily wounded.
The jelly hits you. The acid corrodes you!
You are splashed with acid!
The iguana barely misses you.
You sock the iguana!
You kill the iguana!
The jelly hits you.
You are splashed with acid.
* * * LOW HITPOINT WARNING * * *
The jelly hits you but does no damage.
You aren't carrying any potions.
The jelly closely misses you.
You hit the jelly but do no damage.
Your hands burn!
* * * LOW HITPOINT WARNING * * *
You bite the jelly, but do no damage. The jelly hits you.
* * * LOW HITPOINT WARNING * * *
You are splashed with acid!
* * * LOW HITPOINT WARNING * * *
You hit the jelly but do no damage.
Your hands burn!
* * * LOW HITPOINT WARNING * * *
You claw the jelly, but do no damage. You block the jelly's attack.
You hit the jelly.
Your hands burn!
You die...
Your body crumbles into a pile of gold.

######
∆#.#...............#
....
#.#.#.........[##+##
####
#.#..............# #
...[....###......# #
........# #......# #
........# #......#
...# #.#####.#
#......# ...+ #
#.$...# #......#
...# #.J@..#
#......# ...#
..........# #......#
..# ###.####### # ∆


You could see a jelly.

Vanquished Creatures
  A black bear (D:4)
  2 hounds (D:4)
  A gnoll bouda (D:4)
  Jessica (D:2)
  Natasha (thrice) (D:2)
  An iguana (D:4)
  3 adders
  A white imp (D:4)
  2 worms
  4 dart slugs
  3 orcs (D:4)
  9 endoplasms
  3 giant cockroaches
  8 goblins
  4 hobgoblins
  11 jackals (D:1)
  A quokka (D:3)
  6 ball pythons
  A bat (D:3)
  9 frilled lizards
  6 kobolds
  5 rats
85 creatures vanquished.

Vanquished Creatures (others)
  4 withered plants (D:3)
4 creatures vanquished.

Grand Total: 89 creatures vanquished

Notes
Turn   | Place    | Note
-------+----------+-------------------------------------------
     0 | D:1      | retardedninja the Gnoll Fighter began the quest for the
                  | Orb.
     0 | D:1      | Reached XP level 1. HP: 23/23 MP: 1/1
   109 | D:1      | Reached XP level 2. HP: 29/29 MP: 2/2
   284 | D:1      | Reached XP level 3. HP: 25/35 MP: 3/3
   544 | D:1      | Reached skill level 1 in Invocations
   780 | D:2      | Found an ornate altar of the Wu Jian Council.
   780 | D:2      | Noticed Natasha
   787 | D:2      | Killed Natasha
   788 | D:2      | Reached skill level 1 in Short Blades
   788 | D:2      | Reached skill level 1 in Long Blades
   788 | D:2      | Reached skill level 1 in Axes
   788 | D:2      | Reached skill level 1 in Polearms
   788 | D:2      | Reached skill level 1 in Staves
   788 | D:2      | Reached skill level 1 in Ranged Weapons
   788 | D:2      | Reached skill level 1 in Throwing
   788 | D:2      | Reached skill level 1 in Dodging
   788 | D:2      | Reached skill level 1 in Stealth
   788 | D:2      | Reached skill level 1 in Unarmed Combat
   788 | D:2      | Reached skill level 1 in Spellcasting
   788 | D:2      | Reached skill level 1 in Evocations
   788 | D:2      | Reached XP level 4. HP: 21/41 MP: 5/5
   937 | D:2      | Reached skill level 1 in Conjurations
   937 | D:2      | Reached skill level 1 in Hexes
   937 | D:2      | Reached skill level 1 in Summonings
   937 | D:2      | Reached skill level 1 in Necromancy
   937 | D:2      | Reached skill level 1 in Translocations
   937 | D:2      | Reached skill level 1 in Transmutations
   937 | D:2      | Reached skill level 1 in Fire Magic
   937 | D:2      | Reached skill level 1 in Ice Magic
   937 | D:2      | Reached skill level 1 in Air Magic
   937 | D:2      | Reached skill level 1 in Earth Magic
   937 | D:2      | Reached skill level 1 in Poison Magic
  1047 | D:2      | Noticed Natasha
  1060 | D:2      | Killed Natasha
  1154 | D:2      | Noticed Natasha
  1161 | D:2      | Killed Natasha
  1162 | D:2      | Reached XP level 5. HP: 47/47 MP: 5/7
  1406 | D:2      | Noticed Jessica
  1412 | D:2      | Killed Jessica
  1821 | D:3      | Found an opulent altar of Gozag.
  1895 | D:3      | Became a worshipper of Gozag Ym Sagoz the Greedy
  2019 | D:3      | Found a faded altar of an unknown god.
  2297 | D:4      | Noticed a black bear
  2304 | D:4      | Killed a black bear
  2305 | D:4      | Reached skill level 5 in Maces & Flails
  2305 | D:4      | Reached XP level 6. HP: 53/53 MP: 7/9
  2414 | D:4      | Gained mutation: Your flesh is cold resistant. (rC+)
                  | [potion of mutation]
  2414 | D:4      | Gained mutation: You are occasionally teleported next to
                  | monsters. [potion of mutation]
  2414 | D:4      | Gained mutation: Your flesh is very cold resistant. (rC++)
                  | [potion of mutation]
  2435 | D:4      | Lost mutation: Your flesh is very cold resistant. (rC++)
                  | [potion of mutation]
  2435 | D:4      | Lost mutation: You are occasionally teleported next to
                  | monsters. [potion of mutation]
  2435 | D:4      | Gained mutation: Your muscles are strong. (Str +4, Int/Dex
                  | -1) [potion of mutation]
  2435 | D:4      | Gained mutation: You are agile. (Dex +4, Str/Int -1)
                  | [potion of mutation]
  2435 | D:4      | Gained mutation: Your mind is acute. (Int +4, Str/Dex -1)
                  | [potion of mutation]
  2435 | D:4      | Gained mutation: You have sharp toenails. [potion of
                  | mutation]
  2620 | D:4      | HP: 2/53 [acid (1)]
  2621 | D:4      | Splashed by a jelly's acid

Illustrated notes

Levels and vault maps discovered:
D:1:      roderic_crop_circles_arrival_small, layout_loops_ring,
          minmay_tree_intersection, minmay_lizard_pond
D:2:      layout_loops_ring, basic_altar, kennysheep_another_room, uniq_natasha,
          uniq_jessica
D:3:      layout_basic, lemuel_doored_altar, ebering_ecumenical_altar_petrified
D:4:      minmay_chambers_of_threes, layout_basic, mainiacjoe_overflow_alcove_4,
          grunt_ministairs_10

Skill      XL: |  1  2  3  4  5 |
---------------+----------------+-----
Invocations    | 1 2 |  2.5
Short Blades   | 1 2 |  2.2
Long Blades    | 1 2 |  2.2
Axes           | 1 2 |  2.2
Polearms       | 1 2 |  2.2
Staves         | 1 2 |  2.2
Ranged Weapons | 1 2 |  2.2
Throwing       | 1 2 |  2.2
Dodging        | 1 2 |  2.2
Stealth        | 1 2 |  2.2
Unarmed Combat | 1 2 |  2.2
Spellcasting   | 1 2 |  2.2
Evocations     | 1 2 |  2.2
Conjurations   | 1 |  1.8
Hexes          | 1 |  1.8
Summonings     | 1 |  1.8
Necromancy     | 1 |  1.8
Translocations | 1 |  1.8
Transmutations | 1 |  1.8
Fire Magic     | 1 |  1.8
Ice Magic      | 1 |  1.8
Air Magic      | 1 |  1.8
Earth Magic    | 1 |  1.8
Poison Magic   | 1 |  1.8
Maces & Flails | 5 |  5.1
Fighting       | |  6.9
Armour         | |  6.9
Shields        | |  6.9

Action                     |  1- 3 |  4- 6 || total
---------------------------+-------+-------++-------
  Melee: Flail             |    99 |   194 ||   293
         Bite              |    11 |    15 ||    26
         Kick              |       |     5 ||     5
    Use: Potion            |       |     4 ||     4
 Armour: Scale mail        |    41 |    82 ||   123
  Dodge: Dodged            |    37 |    76 ||   113
  Block: Buckler           |    26 |    51 ||    77

Table legend: (Time is in decaauts)
 A = Elapsed time spent in this place.
 B = Non-inter-level travel time spent in this place.
 C = Inter-level travel time spent in this place.
 D = Time resting spent in this place.
 E = Time spent auto-exploring this place.
 F = Levels seen in this place.
 G = Mean time per level.
                   A        B        C        D        E       F      G
               +--------+--------+--------+--------+--------+-----+--------+
         Total |   2676 |   2596 |     80 |    114 |   1906 |   4 |  669.0 |
       Dungeon |   2676 |   2596 |     80 |    114 |   1906 |   4 |  669.0 |
               +--------+--------+--------+--------+--------+-----+--------+

Top non-repeatable levels by time:
     D:2: 856 daAuts
     D:1: 786 daAuts
     D:3: 603 daAuts
     D:4: 431 daAuts
